 Dungeon Crawl Stone Soup version 0.31-a0-819-gf6de2f5ab6 (webtiles) character file.

Game seed: 14134832437260677537

85 qw the Shooter (level 4, -10/28 HPs)
             Began as a Gargoyle Hunter on Sept 23, 2023.
             Mangled by an ogre
             ... wielding a +0 giant spiked club
              (30 damage)
             ... on level 4 of the Dungeon.
             The game lasted 00:00:41 (1742 turns).

qw the Shooter (Gargoyle Hunter)                    Turns: 1742, Time: 00:00:42

Health: -10/28     AC:  8    Str: 14    XL:     4   Next: 48%
Magic:  4/4        EV: 10    Int: 10    God:
Gold:   154        SH:  0    Dex: 15    Spells: 3/3 levels left

rFire   . . .        Y - +0 shortbow
rCold   + . .        (shield currently unavailable)
rNeg    + . .        b - +0 ring mail
rPois   inf          (helmet restricted)
rElec   +            (no cloak)
rCorr   .            (no gloves)
SInv    .            (no boots)
Will    .....        (no amulet)
Stlth   +            (no ring)
HPRegen 0.24/turn    (no ring)
MPRegen 0.09/turn

%: no passive effects
@: weak-willed
A: sickness immunity, AC +3, negative energy resistance 1, electricity
resistance, torment resistance 1, petrification resistance, horns 1, cold
resistance 1
a: no special abilities


You were on level 4 of the Dungeon.
You visited 1 branch of the dungeon, and saw 4 of its levels.

You collected 154 gold pieces.


Innate Abilities, Weirdness & Mutations

You are immune to sickness and miasma.
Your stone body is resilient. (AC +3)
You are immune to poison.
You resist negative energy. (rN+)
You are resistant to electric shocks. (rElec)
You are resistant to unholy torment.
You are immune to petrification.
You have a pair of small horns on your head.
Your flesh is cold resistant. (rC+)


   Skills:
 - Level 3.2 Fighting
 + Level 5.2 Ranged Weapons
 - Level 1.0 Armour
 - Level 1.5 Dodging
 - Level 1.1 Stealth


You had 3 spell levels left.
You didn't know any spells.
Your spell library was empty.

Inventory:

Hand Weapons
 Y - a +0 shortbow (weapon)
Armour
 b - a +0 ring mail (worn)
Scrolls
 a - 4 scrolls of teleportation
 f - a scroll of identify
Potions
 e - a potion of might
 g - a potion of curing {unknown}
 h - a potion of mutation
 i - a potion of magic {unknown}

Dungeon Overview and Level Annotations

Branches:
Dungeon (4/15)
 Temple: D:4-7

Altars:

Shops:
D:3 [

Annotations:
D:3 1 runed translucent door, Crazy Yiuf


Message History

Crazy Yiuf yells, "Gnoll tea sizzlefizz!"
Done exploring.
1705 ||| DROPPING scroll of fear.
You drop a scroll of fear.
Done exploring.
What level of the Dungeon? (default 3, ? - help)
There is a stone staircase leading down here.
You climb downwards.
The orc shouts!
You hear a shout! x2; You hear an angry hiss.
Found a stone staircase leading down.
There is a stone staircase leading up here.
An orc is nearby!
Waypoint 3 assigned to D:4.
You shoot an arrow. The arrow hits the orc.
The orc is severely wounded.
An ogre comes into view. It is wielding a +0 giant spiked club.
An orc comes into view. It is wielding a +0 club.
An orc comes into view. It is wielding a +0 mace.
1735 |||
Found retreat position at -2,0 (floor) with 0 blocking monsters and 2 monsters attacking at destination at distance 2 x2
1735 ||| RETREEAATING.
You shoot an arrow. The arrow barely misses the orc.
You hear a shout! x2
You shoot an arrow. The arrow closely misses the orc.
You shoot an arrow. The arrow hits the orc.
You kill the orc!
An orc priest comes into view.
It is wielding a +2 dagger of electrocution.
The orc priest moves out of view.
You shoot an arrow.
The arrow hits the ogre but does no damage.
You shoot an arrow. The arrow hits the ogre.
The ogre is lightly wounded.
You shoot an arrow. The arrow hits the ogre.
The ogre is moderately wounded.
You hear a shout!
The ogre barely misses you.
You shoot an arrow. The arrow hits the ogre!
The ogre is severely wounded.
The orc priest invokes the aid of Beogh against you.
Beogh smites you!
The ogre hits you with a +0 giant spiked club!!
Ouch! That really hurt!
You die...

#. #. o.o.
# .. ...#
.###. ...#
....
#...###
#..
.o....O
#o##.#..#
##@O....#
#..<....#
#.##...###
#.# ##.##
#. .# # .#
.# .# .#


You could see an ogre, an orc priest and an orc.

Vanquished Creatures
  4 adders
  2 worms (D:2)
  A dart slug (D:2)
  2 orcs
  5 ball pythons
  4 bats
  3 endoplasms
  2 giant cockroaches
  A goblin (D:1)
  4 hobgoblins
  3 jackals (D:1)
  A quokka (D:2)
  A frilled lizard (D:1)
  A kobold (D:1)
  3 rats
37 creatures vanquished.

Notes
Turn   | Place    | Note
-------+----------+-------------------------------------------
     0 | D:1      | qw the Gargoyle Hunter began the quest for the Orb.
     0 | D:1      | Reached XP level 1. HP: 12/12 MP: 1/1
     0 | D:1      | 0 ||| qw: Version: 0.3-a-83-gcd0e7d8
     0 | D:1      | 0 ||| qw: Game counter: 1425
     0 | D:1      | 0 ||| qw: Melee chars always use a shield: true
     0 | D:1      | 0 ||| qw: God list: Okawaru
     0 | D:1      | 0 ||| qw: Allow faded altars: false
     0 | D:1      | 0 ||| qw: Do Orc after clearing Dungeon:15 true
     0 | D:1      | 0 ||| qw: Do second Lair branch before Depths: true
     0 | D:1      | 0 ||| qw: Lair rune preference: random
     0 | D:1      | 0 ||| qw: Goals: Normal
     0 | D:1      | 0 ||| PLANNING D:1-11
   133 | D:1      | Reached XP level 2. HP: 17/17 MP: 2/2
   397 | D:1      | 397 ||| READING 2 scrolls labelled RETA BARHUD.
   402 | D:1      | 402 ||| READING 3 scrolls labelled ACLOIXK QETHY.
   403 | D:1      | 403 ||| DRINKING 2 metallic clear potions.
   403 | D:1      | Gained mutation: Your flesh is cold resistant. (rC+)
                  | [potion of mutation]
   403 | D:1      | Gained mutation: You have a pair of small horns on your
                  | head. [potion of mutation]
   404 | D:1      | 404 ||| READING 2 scrolls of identify.
   404 | D:1      | 404 ||| IDENTIFYING sedimented pink potion
   405 | D:1      | 405 ||| DROPPING scroll of butterflies.
   406 | D:1      | 406 ||| DROPPING potion of lignification.
   501 | D:2      | Reached XP level 3. HP: 15/21 MP: 3/3
   595 | D:2      | Reached skill level 5 in Ranged Weapons
   847 | D:2      | Reached skill level 3 in Fighting
   847 | D:2      | Reached XP level 4. HP: 22/28 MP: 4/4
  1257 | D:2      | 1257 ||| UPGRADING to +0 ring mail.
  1267 | D:2      | 1267 ||| DROPPING +0 leather armour.
  1268 | D:2      | 1268 ||| DROPPING +6 ring of intelligence.
  1269 | D:2      | 1269 ||| READING scroll labelled SIP YSUYNAM.
  1270 | D:2      | 1270 ||| DRINKING 2 inky potions.
  1359 | D:3      | Reached skill level 1 in Armour
  1394 | D:3      | Found Misoip's Antique Armour Shop.
  1405 | D:3      | 1405 ||| SHOPLISTING runed ring mail (196 gold, have 126).
  1405 | D:3      | 1405 ||| SHOPLISTING thick robe (159 gold, have 126).
  1608 | D:3      | Found a runed translucent door.
  1609 | D:3      | Noticed Crazy Yiuf
  1702 | D:3      | 1702 ||| READING 2 scrolls labelled YSSEKE VOJU.
  1703 | D:3      | 1703 ||| READING scroll labelled EMMETW PUSE.
  1704 | D:3      | 1704 ||| READING scroll labelled QOSMAIW DABUIL.
  1705 | D:3      | 1705 ||| DROPPING scroll of fear.
  1734 | D:4      | Noticed an ogre
  1735 | D:4      | 1735 ||| RETREEAATING.
  1742 | D:4      | Mangled by an ogre

Levels and vault maps discovered:
D:1:      dpeg_arrival_snail, layout_rooms
D:2:      wad_lake_hut, layout_basic
D:3:      layout_rooms, serial_shops, shop, uniq_crazy_yiuf_cottage
D:4:      layout_loops_ring, temple_statues

Skill      XL: |  1  2  3  4 |
---------------+-------------+-----
Ranged Weapons | 5 |  5.2
Fighting       | 3 |  3.2
Armour         | 1 |  1.0
Dodging        | |  1.5
Stealth        | |  1.1

Action                     |  1- 3 |  4- 6 || total
---------------------------+-------+-------++-------
   Fire: Shortbow          |   108 |    43 ||   151
    Use: Scroll            |     3 |     4 ||     7
         Potion            |     1 |     1 ||     2
 Armour: Leather armour    |    31 |     1 ||    32
         Ring mail         |       |     1 ||     1
  Dodge: Dodged            |    39 |     3 ||    42

Table legend:
 A = Non-vault XP
 B = Vault XP
 C = Vault XP percentage of total XP
 D = Non-vault monster count
 E = Vault monster count
 F = Vault count percentage of total count
                 A         B        C        D         E       F
            +---------+---------+-------+---------+---------+-------
      Total |     122 |       0 |   0.0 |      37 |       0 |   0.0
            +---------+---------+-------+---------+---------+-------
        D:1 |      17 |       0 |   0.0 |      10 |       0 |   0.0
        D:2 |      76 |       0 |   0.0 |      18 |       0 |   0.0
        D:3 |      26 |       0 |   0.0 |       8 |       0 |   0.0
        D:4 |       3 |       0 |   0.0 |       1 |       0 |   0.0
            +---------+---------+-------+---------+---------+-------
